 Dungeon Crawl Stone Soup version 0.30-a0-365-ge7f957f1db (webtiles) character file.

Game seed: 7144903711644951776

319 koil the Ruffian (level 6, -5/61 HPs)
             Began as a Troll Berserker on Nov 17, 2022.
             Was a Believer of Trog.
             Killed from afar by an orc wizard (9 damage)
             ... with a puff of flame
             ... on level 4 of the Dungeon.
             The game lasted 00:06:02 (2741 turns).

koil the Ruffian (Troll Berserker)                  Turns: 2741, Time: 00:06:03

Health: -5/61      AC:  5    Str: 28    XL:     6   Next: 21%
Magic:  5/5        EV: 10    Int:  3    God:    Trog [**....]
Gold:   240        SH:  0    Dex:  9    Spells: 5/5 levels left

rFire   . . .      SeeInvis .      - Unarmed
rCold   . . .      Faith    .    (no shield)
rNeg    . . .      Spirit   .    a - +0 animal skin
rPois   .          Reflect  .    s - +1 hat
rElec   .          Harm     .    (no cloak)
rCorr   +          Rampage  .    (gloves unavailable)
Will    .....                    (boots unavailable)
Stlth   +.........               (no amulet)
HPRegen 1.10/turn                n - ring of flight
MPRegen 0.09/turn                q - ring of resist corrosion

@: on berserk cooldown, flying
A: large, unfitting armour, claws 3, regeneration 1, shaggy fur 1, tough skin 1
a: Renounce Religion, Berserk, Trog's Hand


You were on level 4 of the Dungeon.
You worshipped Trog.
Trog was pleased with you.
You visited 1 branch of the dungeon, and saw 4 of its levels.

You collected 240 gold pieces.

Inventory:

Armour
 a - a +0 animal skin (worn)
 s - a +1 hat (worn)
Jewellery
 n - a ring of flight (left claw)
 q - a ring of resist corrosion (right claw)
Scrolls
 c - 4 scrolls of identify {unknown}
 d - 3 scrolls of amnesia {unknown}
 f - a scroll of acquirement {unknown}
 i - a scroll of butterflies {unknown}
 l - a scroll of immolation {unknown}
 p - a scroll of magic mapping {unknown}
Potions
 b - 2 potions of attraction {unknown}
 e - a potion of magic {unknown}
 g - 2 potions of flight {unknown}
 h - 2 potions of degeneration {unknown}
 j - a potion of brilliance {unknown}
 k - 2 potions of curing {unknown}
 m - a potion of ambrosia {unknown}
 o - a potion of cancellation {unknown}
 r - a potion of might {unknown}
 t - a potion of mutation {unknown}


   Skills:
 + Level 3.5 Fighting
 + Level 2.3 Armour
 + Level 3.5 Dodging
 + Level 4.3 Unarmed Combat


You had 5 spell levels left.
You didn't know any spells.
Your spell library was empty.

Dungeon Overview and Level Annotations

Branches:
Dungeon (4/15)
 Temple: D:4-7

Altars:
Hepliaklqana
Kikubaaqudgha
Yredelemnul
Zin


Innate Abilities, Weirdness & Mutations

You are too large for most types of armour.
You have claws for hands.
Your natural rate of healing is unusually fast.
You are covered in fur. (AC +1)
You have tough skin. (AC +1)


Message History

* * * LOW HITPOINT WARNING * * *
You feel the effects of Trog's Hand fading.
A magic dart appears from out of thin air!
The magic dart hits you.
* * * LOW HITPOINT WARNING * * *
You barely miss something. Something hits you.
Something hits you but does no damage.
You scratch something but do no damage.
Your skin stops crawling.
You feel less strong-willed.
You hear some strange, mumbled words.
A magic dart appears from out of thin air!
The magic dart hits you.
* * * LOW HITPOINT WARNING * * *
Something completely misses you.
You scratch something but do no damage. Something hits you.
* * * LOW HITPOINT WARNING * * *
Something hits you.
* * * LOW HITPOINT WARNING * * *
You barely miss something.
You feel yourself speed up. Something completely misses you.
Something hits you.
* * * LOW HITPOINT WARNING * * *
You scratch something.
You hear some strange, mumbled words.
A puff of flame appears from out of thin air!
The puff of flame hits you.
* * * LOW HITPOINT WARNING * * *
You barely miss something. Something hits you but does no damage.
You scratch something.
You hear some strange, mumbled words.
A puff of flame appears from out of thin air!
The puff of flame hits you.
* * * LOW HITPOINT WARNING * * *
You miss something. Something hits you but does no damage.
You miss something. Something hits you.
* * * LOW HITPOINT WARNING * * *
You hear some strange, mumbled words.
A puff of flame appears from out of thin air!
The puff of flame hits you!
You die...

#..# ##..........# ##..
............#
............########
#......)....#........
##>.....##+##........ ######o#
+........ #o# #....^...... #{#
#........... #@#####........... .
#.....'........... #######....
#######........... ...........
#.+........... .........##
#.#........... >........#
##.#...........
..#+###############......##)#####
###...............#..###.##.#
....##....#######.#..# #<##.#


You could see 2 orcs.

Vanquished Creatures
  An ogre (D:4)
  A bullfrog (D:4)
  A jelly (D:4)
  Ijyb (D:4)
  4 adders
  A worm (D:2)
  A dart slug (D:4)
  6 orcs
  2 bats (D:1)
  5 endoplasms
  3 giant cockroaches (D:4)
  6 goblins
  6 hobgoblins
  4 jackals (D:1)
  5 kobolds
  6 quokkas
  7 ball pythons
  3 frilled lizards
  3 rats
66 creatures vanquished.

Notes
Turn   | Place    | Note
-------+----------+-------------------------------------------
     0 | D:1      | koil the Troll Berserker began the quest for the Orb.
     0 | D:1      | Reached XP level 1. HP: 22/22 MP: 0/0
   277 | D:1      | Reached XP level 2. HP: 29/29 MP: 1/1
   516 | D:1      | Reached XP level 3. HP: 36/36 MP: 2/2
   582 | D:2      | Reached ** piety under Trog
   583 | D:2      | Reached skill level 1 in Armour
  1195 | D:2      | Found a hazy altar of Hepliaklqana.
  1472 | D:3      | Identified the +3 leather armour of Gufi {Dex+3}
  1548 | D:3      | Found a basalt altar of Yredelemnul.
  1714 | D:3      | Found a glowing silver altar of Zin.
  1779 | D:3      | Reached XP level 4. HP: 43/44 MP: 3/3
  1890 | D:3      | Found an ancient bone altar of Kikubaaqudgha.
  2446 | D:4      | Reached XP level 5. HP: 53/53 MP: 4/4
  2560 | D:4      | Reached skill level 4 in Unarmed Combat
  2697 | D:4      | Noticed an ogre
  2708 | D:4      | Killed an ogre
  2709 | D:4      | Reached XP level 6. HP: 47/61 MP: 5/5
  2709 | D:4      | Noticed Ijyb
  2730 | D:4      | Killed Ijyb
  2737 | D:4      | HP: 9/61 [something/puff of flame (6)]
  2741 | D:4      | HP: 4/61 [something (3)]
  2741 | D:4      | Killed from afar by an orc wizard

Illustrated notes

Levels and vault maps discovered:
D:1:      scummos_arrival_gate, layout_basic
D:2:      layout_basic, basic_altar, chequers_garden, nrook_mini_backslash
D:3:      layout_basic, mainiacjoe_overflow_paths,
          nicolae_overflow_crystal_walls, zin_statuary
D:4:      layout_basic, uniq_ijyb

Skill      XL: |  1  2  3  4  5 |
---------------+----------------+-----
Armour         | 1 2 |  2.3
Fighting       | 3 |  3.5
Dodging        | 3 |  3.5
Unarmed Combat | 4 |  4.3

Action                   |  1- 3 |  4- 6 || total
-------------------------+-------+-------++-------
Melee: Unarmed           |   116 |    86 ||   202
       Punch             |     3 |     2 ||     5
Invok: Berserk           |     1 |     1 ||     2
       Trog's Hand       |       |     1 ||     1
 Stab: Sleeping          |     1 |       ||     1
Armor: Animal skin       |    34 |    27 ||    61
Dodge: Dodged            |    56 |    48 ||   104

Table legend: (Time is in decaauts)
 A = Elapsed time spent in this place.
 B = Non-inter-level travel time spent in this place.
 C = Inter-level travel time spent in this place.
 D = Time resting spent in this place.
 E = Time spent auto-exploring this place.
 F = Levels seen in this place.
 G = Mean time per level.
                   A        B        C        D        E       F      G
               +--------+--------+--------+--------+--------+-----+--------+
         Total |   2743 |   2662 |     81 |     63 |   2195 |   4 |  685.8 |
       Dungeon |   2743 |   2662 |     81 |     63 |   2195 |   4 |  685.8 |
               +--------+--------+--------+--------+--------+-----+--------+

Top non-repeatable levels by time:
     D:3: 869 daAuts
     D:2: 821 daAuts
     D:1: 573 daAuts
     D:4: 479 daAuts
